Map: Oxide LE

Players

Harstem - Winner!

  • Race: Protoss Protoss

Kas

  • Race: Terran Terran

Event: DreamHack SC2 Masters 2021 Fall

VOD

Have the link to the VOD?

Description

Time

  • Played on: Aug. 6, 2021, 12:19 p.m.
  • Length: 14:03

All games in this series

Show
View Real Time Build Order
Export as new Build Order

Harstem Protoss - Winner!

Build Orders: 1 Gate Expand, Blink Stalkers, Colossus Rush 

Get SALT Encoding   

  12  0:00  Probe  
  13  0:12  Probe  
  14  0:17  Pylon  
  14  0:24  Probe  
  15  0:35  Gateway  
  15  0:36  Probe (Chrono Boost)  
  16  0:46  Assimilator, Probe (Chrono Boost)  
  17  0:51  Probe (Chrono Boost)  
  18  1:03  Probe  
  19  1:15  Probe  
  20  1:23  Cybernetics Core  
  20  1:34  Nexus  
  20  1:41  Pylon  
  20  1:44  Probe  
  21  1:52  Assimilator  
  21  1:56  Adept (Chrono Boost), Probe  
  21  2:01  Warp Gate  
  24  2:08  Probe  
  25  2:20  Probe (Chrono Boost)  
  25  2:21  Twilight Council  
  26  2:33  Stalker, Probe (Chrono Boost)  
  29  2:38  Probe (Chrono Boost)  
  30  2:49  Probe (Chrono Boost)  
  30  2:51  Gateway, Probe (Chrono Boost)  
  32  2:59  Probe (Chrono Boost)  
  32  3:01  Blink (Chrono Boost)  
  32  3:02  Probe (Chrono Boost)  
  32  3:04  Probe (Chrono Boost)  
  33  3:11  Probe  
  35  3:16  Probe  
  35  3:18  Stalker  
  38  3:23  Probe  
  39  3:28  Probe  
  39  3:29  Robotics Facility  
  40  3:35  Probe  
  40  3:40  Probe  
  42  3:43  Pylon  
  42  3:47  Probe  
  43  3:49  Stalker  
  43  3:52  Probe  
  43  3:53  Pylon  
  46  4:01  Probe  
  47  4:02  Stalker  
  47  4:06  Probe  
  50  4:15  Stalker, Probe  
  50  4:16  Observer  
  54  4:20  Probe  
  54  4:22  Nexus  
  55  4:25  Assimilator  
  55  4:27  Probe  
  55  4:30  Pylon  
  56  4:32  Probe  
  57  4:39  Probe  
  57  4:41  Assimilator, Robotics Bay  
  57  4:44  Shield Battery, Probe  
  59  4:51  Probe  
  60  4:54  Stalker x2  
  60  4:57  Probe  
  65  5:03  Probe  
  66  5:09  Probe  
  66  5:11  Observer  
  66  5:12  Pylon  
  68  5:15  Gateway, Probe  
  68  5:21  Probe  
  70  5:27  Pylon  
  70  5:30  Colossus (Chrono Boost), Probe  
  70  5:33  Probe  
  78  5:40  Probe  
  78  5:41  Extended Thermal Lance (Chrono Boost)  
  77  5:42  Probe  
  77  5:43  Charge (Chrono Boost)  
  77  5:45  Probe  
  77  5:48  Shield Battery  
  79  5:51  Zealot x2  
  79  5:53  Probe  
  79  5:55  Probe  
  85  5:57  Probe  
  85  5:59  Pylon  
  86  6:05  Gateway, Probe  
  86  6:07  Probe  
  86  6:09  Probe  
  89  6:11  Colossus (Chrono Boost)  
  89  6:15  Assimilator, Sentry  
  89  6:17  Zealot, Probe  
  100  6:19  Probe  
  100  6:20  Pylon  
  100  6:23  Gateway  
  101  6:27  Sentry  
  101  6:29  Probe  
  101  6:31  Assimilator  
  104  6:33  Forge  
  104  6:35  Pylon  
  104  6:36  Pylon  
  104  6:37  Probe  
  105  6:40  Zealot x2  
  109  6:47  Pylon  
  109  6:48  Probe x2  
  109  6:51  Stalker  
  112  7:00  Sentry  
  120  7:01  Zealot x2  
  124  7:09  Protoss Ground Weapons Level 1 (Chrono Boost)  
  124  7:12  Probe  
  124  7:14  Photon Cannon  
  125  7:16  Shield Battery  
  125  7:17  Pylon  
  125  7:18  Zealot x2  
  124  7:28  Zealot x3  
  126  7:36  Probe  
  106  7:38  Robotics Facility  
  106  7:40  Zealot x2  
  106  7:42  Probe  
  110  7:47  Probe  
  110  7:50  Robotics Facility  
  97  7:52  Zealot  
  97  7:56  Probe  
  97  7:58  Observer  
  94  8:00  Probe (Chrono Boost)  
  94  8:01  Probe (Chrono Boost)  
  94  8:05  Gateway  
  96  8:06  Observer, Gateway  
  96  8:09  Templar Archives, Sentry, Zealot  
  96  8:10  Gateway  
  96  8:12  Probe x2 (Chrono Boost)  
  103  8:14  Photon Cannon  
  103  8:17  Pylon  
  103  8:18  Probe (Chrono Boost)  
  103  8:21  Sentry, Probe (Chrono Boost)  
  103  8:23  Probe (Chrono Boost)  
  103  8:25  Probe (Chrono Boost)  
  103  8:26  Probe  
  108  8:31  Photon Cannon  
  108  8:32  Probe  
  110  8:34  Colossus (Chrono Boost), Stalker  
  110  8:35  Stalker  
  110  8:36  Probe  
  120  8:45  Sentry  
  120  8:46  Pylon  
  122  8:56  Pylon  
  122  9:00  High Templar  
  122  9:01  High Templar x3  
  122  9:02  Robotics Facility, Probe  
  131  9:04  Pylon  
  131  9:05  Archon x2  
  131  9:09  Protoss Ground Weapons Level 2 (Chrono Boost)  
  131  9:10  High Templar  
  131  9:11  High Templar  
  131  9:15  Probe  
  136  9:18  Disruptor  
  136  9:20  Zealot  
  136  9:21  Archon  
  141  9:24  Pylon  
  141  9:28  Pylon  
  141  9:37  High Templar  
  143  9:40  Zealot x3  
  149  9:51  Zealot x3  
  149  9:52  Nexus, Disruptor (Chrono Boost)  
  155  9:54  Disruptor (Chrono Boost)  
  155  9:55  Photon Cannon  
  155  9:57  Photon Cannon  
  160  10:05  Zealot x3  
  164  10:18  Zealot x4  
  164  10:19  Disruptor (Chrono Boost)  
  131  10:29  Zealot x3  
  131  10:30  Probe  
  139  10:39  Shield Battery  
  139  10:40  Disruptor (Chrono Boost), Probe x2  
  139  10:41  Pylon  
  139  10:42  Probe  
  142  10:47  High Templar x4  
  150  10:51  High Templar, Zealot x2  
  150  10:52  Probe  
  150  10:53  Probe  
  150  10:54  Archon x2  
  150  10:55  Pylon, Archon  
  158  11:00  Gateway  
  143  11:16  Stalker x2  
  145  11:18  Disruptor (Chrono Boost)  
  145  11:19  Observer  
  145  11:21  Zealot x3  
  145  11:22  Zealot  
  145  11:24  Probe  
  156  11:26  Protoss Ground Weapons Level 3 (Chrono Boost)  
  156  11:28  Forge, Probe  
  156  11:30  Pylon  
  157  11:33  Probe  
  157  11:36  Assimilator  
  157  11:38  Assimilator, Nexus  
  158  11:42  High Templar x2  
  158  11:43  Zealot x3  
  158  11:47  Archon  
  148  12:02  Stalker x3  
  148  12:04  Protoss Ground Armor Level 1 (Chrono Boost)  
  148  12:05  Zealot x3  
  148  12:07  Probe  
  161  12:08  Pylon, Probe  
  148  12:29  Immortal  
  140  12:31  Zealot x4  
  140  12:32  Zealot x4  
  144  12:38  Immortal  
  150  12:48  Probe  
  150  12:51  Gateway  
  149  12:53  High Templar x2, Dark Shrine  
  149  12:54  Sentry, Zealot x4  
  149  12:55  Gateway, Zealot  
  149  12:57  Probe  
  166  12:59  Probe  
  166  13:00  Probe x2  
  166  13:01  Probe  
  166  13:03  Photon Cannon, Archon  
  166  13:05  Shield Battery  
  168  13:09  Immortal  
  172  13:16  Stalker x3  
  172  13:17  Immortal  
  182  13:25  Zealot x3  
  188  13:33  Stalker x2  
  188  13:46  Zealot x6  
Show
View Real Time Build Order
Export as new Build Order

Kas Terran 

Build Orders: Reaper Expand 

Get SALT Encoding   

  12  0:00  SCV  
  13  0:12  SCV  
  14  0:17  Supply Depot  
  14  0:25  SCV  
  15  0:38  SCV  
  15  0:40  Barracks  
  16  0:45  Refinery  
  16  0:50  SCV  
  17  1:03  SCV  
  18  1:15  SCV  
  19  1:27  Orbital Command  
  19  1:29  Reaper  
  20  1:42  Command Center  
  20  1:51  Supply Depot  
  20  1:54  SCV  
  21  2:00  Marine  
  22  2:06  SCV  
  23  2:10  Factory  
  23  2:16  Bunker  
  23  2:18  SCV  
  24  2:24  Barracks Reactor  
  24  2:28  Refinery  
  24  2:30  SCV  
  25  2:45  SCV  
  26  2:53  Orbital Command  
  26  2:57  SCV  
  27  2:59  Starport  
  27  3:01  Marine x2  
  27  3:05  Widow Mine  
  30  3:09  SCV  
  31  3:20  SCV  
  31  3:21  Marine x2, SCV  
  31  3:26  Barracks  
  35  3:30  Factory Tech Lab  
  35  3:32  SCV  
  35  3:33  SCV  
  37  3:38  Medivac  
  37  3:41  Marine x2  
  39  3:45  SCV, Supply Depot  
  42  3:49  SCV  
  42  3:53  Supply Depot  
  43  3:57  SCV  
  43  4:01  SCV  
  45  4:05  Marine  
  45  4:06  Marine  
  45  4:09  SCV  
  48  4:14  SCV  
  48  4:15  Raven  
  48  4:16  Barracks Tech Lab  
  51  4:19  Barracks  
  51  4:21  SCV  
  51  4:26  SCV, Engineering Bay  
  51  4:27  Refinery  
  51  4:29  Marine x2  
  54  4:33  SCV  
  54  4:38  SCV, Stimpack, Marauder  
  58  4:45  SCV  
  58  4:46  Supply Depot  
  58  4:48  Marine  
  58  4:49  Marine  
  58  4:50  SCV, Factory Reactor  
  62  4:54  Supply Depot  
  62  4:55  Refinery  
  62  4:58  Terran Infantry Weapons Level 1  
  62  5:07  Marine x2, SCV x2  
  62  5:08  Marauder  
  68  5:14  Marauder  
  68  5:15  Combat Shield  
  68  5:19  Supply Depot x2, SCV  
  71  5:24  SCV  
  71  5:26  Marine  
  73  5:29  Marauder  
  73  5:32  SCV  
  73  5:33  Factory Reactor  
  76  5:40  Marauder  
  76  5:41  Medivac  
  76  5:42  SCV  
  80  5:44  SCV  
  80  5:46  Supply Depot  
  80  5:47  Marine x2  
  83  5:50  Marauder  
  83  5:54  SCV  
  86  6:02  Marauder  
  86  6:03  Command Center  
  88  6:07  Marine x2  
  88  6:09  Supply Depot  
  88  6:11  Supply Depot, Widow Mine  
  92  6:13  Widow Mine  
  92  6:17  Marauder  
  92  6:18  Concussive Shells  
  96  6:20  Medivac  
  96  6:22  Medivac  
  101  6:25  SCV x2  
  101  6:30  Marine x2  
  101  6:31  Marauder  
  106  6:35  Supply Depot x2  
  106  6:37  Widow Mine  
  106  6:39  Widow Mine  
  110  6:43  SCV x2  
  112  6:48  Marine x2  
  112  6:49  Barracks  
  112  6:53  Barracks  
  114  6:55  Marauder x2  
  118  7:02  Supply Depot  
  118  7:03  Supply Depot, SCV x2  
  118  7:05  Widow Mine x2  
  124  7:16  Orbital Command, Marauder x2  
  124  7:17  Marine x2, SCV  
  123  7:43  Marauder x2  
  118  7:52  Marine x4  
  118  7:53  Widow Mine x2, Medivac x2  
  117  7:59  SCV x2  
  117  8:00  SCV  
  117  8:04  Terran Infantry Armor Level 1  
  117  8:05  Orbital Command, Marauder x2  
  120  8:10  Marine x2  
  120  8:11  SCV  
  124  8:12  Ghost Academy  
  124  8:16  Barracks Tech Lab  
  124  8:17  Barracks Reactor, Missile Turret  
  124  8:19  SCV, Widow Mine x2  
  128  8:23  SCV  
  128  8:26  Viking x2, Marauder x2  
  137  8:27  Marine  
  137  8:28  Marine  
  137  8:31  SCV  
  140  8:42  Armory  
  140  8:43  Supply Depot, SCV  
  140  8:44  Engineering Bay, Ghost  
  140  8:47  Marauder x2  
  147  8:54  Supply Depot  
  147  8:57  Refinery  
  147  8:58  Viking  
  147  8:59  Viking  
  147  9:00  Marine  
  152  9:04  Marine x2  
  152  9:08  Ghost  
  152  9:09  Marauder  
  158  9:11  Refinery  
  158  9:13  Ghost  
  160  9:17  Supply Depot  
  160  9:19  Marine x2  
  160  9:22  Marine  
  163  9:27  Marine  
  163  9:30  Marauder  
  156  9:35  Viking x2  
  156  9:37  Marine, Marauder  
  163  9:39  Marine  
  163  9:42  Marauder  
  163  9:43  SCV  
  163  9:44  Missile Turret  
  167  9:46  SCV, Missile Turret  
  167  9:47  SCV, Command Center  
  167  9:51  Marauder  
  167  9:52  Terran Infantry Weapons Level 2  
  167  9:53  Terran Ship Weapons Level 1  
  167  9:59  Marauder  
  169  10:03  Marauder  
  171  10:12  Viking  
  171  10:13  Viking  
  175  10:16  Marine x2, Marauder  
  175  10:20  Marauder  
  133  10:30  Marine x2, Marauder  
  133  10:32  Widow Mine x2  
  133  10:33  SCV x2  
  133  10:34  Marine  
  133  10:35  SCV  
  137  10:37  Marauder  
  137  10:38  Barracks  
  137  10:40  Barracks  
  139  10:43  Barracks  
  139  10:45  Viking x2  
  139  10:46  Marauder  
  145  10:55  SCV x2  
  145  10:56  Marine x2, Marauder  
  151  10:59  Marauder  
  130  11:12  Marauder  
  130  11:15  Marine  
  130  11:17  Marauder  
  125  11:20  Marauder  
  125  11:25  Marine x2  
  126  11:26  Barracks Tech Lab x2  
  126  11:27  Medivac x2  
  126  11:28  Widow Mine  
  126  11:30  Barracks Tech Lab  
  133  11:34  Marauder  
  133  11:39  Planetary Fortress, Marauder  
  137  11:42  Marauder  
  137  11:44  Sensor Tower, Missile Turret  
  137  11:46  Marauder x2  
  119  11:55  Marauder x2  
  119  11:59  Marine x3  
  119  12:00  Marine, Marauder  
  119  12:01  Medivac x2  
  114  12:03  Marauder  
  114  12:07  Widow Mine x2, Marauder x2  
  112  12:24  Marine x2, Marauder x3  
  112  12:28  Marine x2, Marauder  
  112  12:29  Marauder  
  117  12:33  Marauder  
  99  12:42  Marine x2  
  93  12:45  Marauder  
  93  12:48  Marine x2, Marauder x2  
  93  12:49  Marine, Medivac  
  104  12:54  Marauder  
  108  13:05  Marauder  
  108  13:07  Marauder  
  108  13:08  Marine x4  
  108  13:11  Marauder x2  
  108  13:12  Marauder  
  120  13:13  Medivac  
  120  13:15  Orbital Command  
  120  13:29  Marine, Marauder x2  
  120  13:30  Marine x4  
  120  13:31  Medivac  
  120  13:32  Marine  

Tags
 
Add a new tag
Caveats
  • Supply blocks, unpowered buildings, or Contaminate may cause inaccurate times.
  • Supply counts are checked every 10 seconds.